 Dungeon Crawl Stone Soup version 0.31-a0-325-g067879e3d3 (webtiles) character file.

Game seed: 2460133321817777086

104 Vomitron the Changeling (level 4, -2/52 HPs)
             Began as a Barachi Shapeshifter on July 18, 2023.
             Was a Believer of Uskayaw.
             Slain by an orc
             ... wielding a +0 flail
              (5 damage)
             ... on level 4 of the Dungeon.
             The game lasted 00:03:12 (2224 turns).

Vomitron the Changeling (Barachi Shapeshifter)      Turns: 2224, Time: 00:03:12

Health: -2/52      AC: 22    Str: 15 (16) XL:     4   Next: 80%
Magic:  2/4        EV:  2    Int: 10 (11) God:    Uskayaw [**....]
Gold:   161        SH:  0    Dex:  9 (12) Spells: 3/3 levels left

rFire   . .          .
                       - Unarmed
rCold   . . .        (no shield)
rNeg    . . .        a - melded +0 animal skin
rPois   +            (helmet currently unavailable)
rElec   .            (cloak currently unavailable)
rCorr   .            (gloves currently unavailable)
SInv    .            (boots currently unavailable)
Will    .....        (no amulet)
Stlth   +            (no ring)
HPRegen 0.28/turn    (no ring)
MPRegen 0.09/turn

%: no passive effects
@: tree-form, unable to hop
A: stationary, stasis, torment immunity, boosted hp, (amphibious), (slowness 1),
(strong legs 1), +LOS
a: Renounce Religion, Stomp, Line Pass


You were on level 4 of the Dungeon.
You worshipped Uskayaw.
Uskayaw was noncommittal.
You were a tree.
You visited 1 branch of the dungeon, and saw 4 of its levels.

You collected 161 gold pieces.

Inventory:

Armour
 a - a +0 animal skin (melded)
Jewellery
 e - an amulet of guardian spirit
Talismans
 c - a beast talisman
Scrolls
 d - a scroll of identify
 j - 2 scrolls of fog
Potions
 b - a potion of lignification
 g - 3 potions of attraction
 h - a potion of mutation {unknown}
 k - a potion of degeneration
 l - a potion of curing


   Skills:
 + Level 3.3 Fighting
 - Level 2.8 Dodging
 * Level 3.7 Unarmed Combat
 + Level 0.5 Invocations
 + Level 3.7 Shapeshifting


You had 3 spell levels left.
You didn't know any spells.
Your spell library was empty.

Dungeon Overview and Level Annotations

Branches:
Dungeon (4/15)
 Temple: D:4-7

Altars:
Trog
Uskayaw

Shops:
D:2 :


Innate Abilities, Weirdness & Mutations

You are a tree.
Your roots penetrate the ground, keeping you stationary.
You cannot be teleported.
You are immune to unholy pain and torment.
Your maximum health is greatly increased.
Your equipment is partially melded.
((You are amphibious.))
((You cover ground slowly.))
((You can hop short distances.))
You have an extended range of vision and can be seen from far away.


Message History

Unknown command.
Unknown command.
Unknown command.
You hit the orc but do no damage.
The orc is lightly wounded.
You hit the adder.
The adder is heavily wounded.
The adder bites you but does no damage.
The quokka bites you but does no damage.
The orc barely misses you.
Unknown command.
You barely miss the adder.
The adder is heavily wounded.
The adder bites you but does no damage.
The quokka bites you but does no damage.
The orc hits you but does no damage.
Unknown command.
You smack the adder!
You kill the adder!
The quokka bites you.
* * * LOW HITPOINT WARNING * * *
The orc hits you but does no damage.
Unknown command.
You hit the orc.
The orc is moderately wounded.
The quokka bites you but does no damage.
The orc completely misses you.
You can now pass through a line of other dancers.
Unknown command.
You closely miss the orc.
The orc is moderately wounded.
The quokka bites you but does no damage.
The orc hits you with a +0 flail.
* * * LOW HITPOINT WARNING * * *
The quokka barely misses you.
You barely miss the orc.
The orc is moderately wounded.
The quokka bites you but does no damage.
The orc hits you with a +0 flail.
You die...

..#.#~~~* #.~~#.#~~~#.#**,~,~,~,
..#.#.~~**##~..#.#.~~#.,,,*,,,*,,
###.#####.,#.~~#.#.~.#,**~,~,~,~,
##........,*~..#.#~~~*,**,,,*,,,*
..........,*~~~#.#..,*,**~,~,~,~,
...###...,,*~~l#.#~,~****,*,,,*,,
...# *,,,,,*~,~#.#,,~**,,~,~,~,~,
...###,,,,,#####.#*****,*,,,*,,,*
.....#*****#...#♣# *,,~,~,~,~,
..##.### *#.o.ro# *,*,*,,,*,,
#.##...####....### ****,,~,~,~,~,
#.#......#.......#**,,,,,,,,*,,,*
.........#.##.##....,,,,*~,~,~,~,
########.#.#...#.##.#*,,*,*,,,*,,
,~..,~,#..:).....#,,.#,,,,,~,~,~,
~...~~,#...#...#....,,,**********
####***#>..##.#..#,,,*,*


You could see 2 orcs, a quokka and a frilled lizard.

Vanquished Creatures
  An orc wizard (D:4)
  An adder (D:4)
  A worm (D:2)
  A dart slug (D:2)
  An orc (D:4)
  6 ball pythons
  4 bats
  3 endoplasms
  5 giant cockroaches
  9 goblins
  9 hobgoblins
  3 quokkas
  4 frilled lizards
  4 kobolds
  7 rats
59 creatures vanquished.

Notes
Turn   | Place    | Note
-------+----------+-------------------------------------------
     0 | D:1      | Vomitron the Barachi Shapeshifter began the quest for the
                  | Orb.
     0 | D:1      | Reached XP level 1. HP: 17/17 MP: 1/1
   133 | D:1      | Reached XP level 2. HP: 15/23 MP: 2/2
   819 | D:1      | Reached XP level 3. HP: 23/28 MP: 3/3
   923 | D:2      | Found Fuziaron's Book Shoppe.
  1626 | D:3      | Reached XP level 4. HP: 30/35 MP: 4/4
  1752 | D:3      | Found a hide-covered altar of Uskayaw.
  1823 | D:3      | Became a worshipper of Uskayaw the Reveller
  1918 | D:3      | Reached * piety under Uskayaw
  1945 | D:3      | Found a bloodstained altar of Trog.
  2199 | D:4      | Reached ** piety under Uskayaw
  2207 | D:4      | HP: 1/35 [orc/+0 flail (2)]
  2224 | D:4      | Slain by an orc

Illustrated notes

Levels and vault maps discovered:
D:1:      eino_arrival_water_star, layout_basic
D:2:      layout_rooms, serial_shops, nicolae_shop_crystal,
          minmay_fractal_squares_gapless_5
D:3:      layout_rooms, nicolae_uskayaw_suspiria, overflow_temple_1_default
D:4:      layout_basic, serial_aquarium, aquarium_bridge_straight
          [aquarium_subvault_bridge, aquarium_subvault_window,
          aquarium_subvault_bridge, aquarium_subvault_window],
          aquarium_bridge_square [aquarium_subvault_window,
          aquarium_subvault_bridge, aquarium_subvault_bridge,
          aquarium_subvault_bridge], aquarium_window_1, aquarium_window_3,
          aquarium_window_corner, aquarium_window_fake, aquarium_view_2b,
          aquarium_balcony_1a, aquarium_pool_side, kennysheep_crisscross,
          corexii_item_surrounded_by_moat, hangedman_decor_clover_reticule

Skill      XL: |  1  2  3 |
---------------+----------+-----
Unarmed Combat | 3 |  3.7
Fighting       | 3 |  3.3
Dodging        | |  2.8
Invocations    | |  0.5
Shapeshifting  | |  3.7

Action                     |  1- 3 |  4- 6 || total
---------------------------+-------+-------++-------
  Melee: Unarmed           |   109 |    39 ||   148
         Punch             |     3 |     1 ||     4
 Invoke: Stomp             |       |     1 ||     1
Ability: Hop               |     1 |     1 ||     2
    Use: Scroll            |       |     5 ||     5
         Potion            |       |     3 ||     3
   Stab: Sleeping          |     2 |       ||     2
         Distracted        |     1 |       ||     1
 Armour: Animal skin       |    12 |     1 ||    13
         Skin              |       |     9 ||     9
  Dodge: Dodged            |    64 |    29 ||    93

Table legend: (Time is in decaauts)
 A = Elapsed time spent in this place.
 B = Non-inter-level travel time spent in this place.
 C = Inter-level travel time spent in this place.
 D = Time resting spent in this place.
 E = Time spent auto-exploring this place.
 F = Levels seen in this place.
 G = Mean time per level.
                   A        B        C        D        E       F      G
               +--------+--------+--------+--------+--------+-----+--------+
         Total |   2552 |   2428 |    124 |     15 |   2006 |   4 |  638.0 |
       Dungeon |   2552 |   2428 |    124 |     15 |   2006 |   4 |  638.0 |
               +--------+--------+--------+--------+--------+-----+--------+

Top non-repeatable levels by time:
     D:1: 1062 daAuts
     D:2: 781 daAuts
     D:3: 492 daAuts
     D:4: 214 daAuts
